 Dungeon Crawl Stone Soup version 0.25.0-11-g1f837a76a1 (webtiles) character file.

Game seed: 313714453466106879

35 Kold the Insei (level 3, -3/23 HPs)
             Began as an Octopode Transmuter on June 24, 2020.
             Slain by Sigmund
             ... wielding a +0 scythe
              (7 damage)
             ... on level 2 of the Dungeon.
             The game lasted 00:01:37 (1130 turns).

Kold the Insei (Octopode Transmuter)                Turns: 1130, Time: 00:01:38

Health: -3/23      AC:  1    Str:  9    XL:     3   Next: 33%
Magic:  5/6        EV: 13    Int: 16    God:
Gold:   73         SH:  0    Dex: 12    Spells: 5/6 levels left

rFire    . . .     SeeInvis .     - Unarmed
rCold    . . .     Gourm    .   (no shield)
rNeg     . . .     Faith    .   (helmet restricted)
rPois    .         Spirit   .   g - amulet of inaccuracy (curse)
rElec    .         Reflect  .   (no ring)
rCorr    .         Harm     .   (no ring)
MR       .....                  (no ring)
Stlth    +++.......             (no ring)
HPRegen  0.07/turn              (no ring)
MPRegen  0.10/turn              (no ring)
                                (no ring)
                                (no ring)

@: appendage (expiring)
A: almost no armour, stealthy swim, amphibious, 8 rings, constrict 8, tentacle
spike 3, camouflage 1, gelatinous body 1
a: End Transformation


You were on level 2 of the Dungeon.
You were not hungry.
One of your tentacles had a temporary spike.
You visited 1 branch of the dungeon, and saw 2 of its levels.

You collected 73 gold pieces.

Inventory:

Missiles
 a - 12 arrows
Jewellery
 g - a cursed amulet of inaccuracy (around mantle)
Potions
 b - a potion of brilliance {unknown}
 e - a potion of heal wounds
Comestibles
 c - 2 rations
 d - 3 chunks of flesh


   Skills:
 - Level 1.0 Fighting
 - Level 2.0 Dodging
 - Level 2.0 Stealth
 + Level 3.5 Unarmed Combat
 - Level 2.0 Spellcasting
 + Level 2.7 Transmutations


You had 5 spell levels left.
You knew the following spells:

 Your Spells              Type           Power        Failure   Level  Hunger
a - Beastly Appendage     Tmut           ##....       7%          1    #......

Your spell library contained the following spells:

 Spells                   Type           Power        Failure   Level  Hunger
 Sticks to Snakes         Tmut           ##......     10%         2    ###....
 Spider Form              Tmut/Pois      #.........   34%         3    ###....
 Ice Form                 Ice/Tmut       #.......     75%         4    #####..
 Blade Hands              Tmut           ##........   88%         5    ######.


Dungeon Overview and Level Annotations

Branches:
Dungeon (2/15)

Altars:

Annotations:
D:2 Sigmund


Innate Abilities, Weirdness & Mutations

You cannot wear most types of armour.
You are very stealthy in the water. (Stealth+)
You are amphibious.
You can wear up to eight rings at the same time.
You can use your tentacles to constrict eight enemies at once.
Your skin changes colour to match your surroundings (Stealth+).
Your rubbery body absorbs attacks. (AC +1, EV +1)
One of your tentacles bears a large vicious spike.


Message History

The magic dart hits you!
You tentacle-slap Sigmund. Your grab misses Sigmund.
Sigmund is moderately wounded.
Your transformation is almost over.
You barely miss Sigmund. Your grab misses Sigmund.
Sigmund is moderately wounded.
Sigmund says, "Your kind have come here before.
I understand now why.
You desire death..."
Sigmund closely misses you.
You closely miss Sigmund. Your grab misses Sigmund.
Your tentacle spike misses Sigmund.
Sigmund is moderately wounded.
Sigmund hits you with a +0 scythe.
* * * LOW HITPOINT WARNING * * *
You miss Sigmund. You grab Sigmund.
Sigmund is moderately wounded.
You constrict Sigmund. You closely miss Sigmund.
Sigmund is moderately wounded.
You constrict Sigmund. Sigmund hits you with a +0 scythe!
You die...

.(........#
......#.#.#
......#.#.# .....
#.#.# ..... #.#.#
####+##.#.#
#.##.#.#
##########.##.#)#
......@@......#.#
##########.####.#
#......# ########


You could see Sigmund (resistant).

Vanquished Creatures
  An adder (D:2)
  2 dart slugs
  3 giant cockroaches (D:1)
  3 hobgoblins
  2 ball pythons (D:1)
  3 bats
  A frilled lizard (D:1)
  6 kobolds
  2 rats
23 creatures vanquished.

Notes
Turn   | Place    | Note
-------+----------+-------------------------------------------
     0 | D:1      | Kold the Octopode Transmuter began the quest for the Orb.
     0 | D:1      | Reached XP level 1. HP: 13/13 MP: 3/3
     3 | D:1      | Noticed an electric eel
     3 | D:1      | Noticed an electric eel
   123 | D:1      | Reached skill level 1 in Stealth
   132 | D:1      | Reached XP level 2. HP: 16/18 MP: 3/5
   677 | D:2      | Reached XP level 3. HP: 18/23 MP: 4/6
  1118 | D:2      | Noticed Sigmund
  1130 | D:2      | Slain by Sigmund

Illustrated notes

Levels and vault maps discovered:
D:1:      arrival_aquarium_b, layout_basic
D:2:      layout_basic, uniq_sigmund

Skill      XL: |  1  2 |
---------------+-------+-----
Stealth        | 1 2 |  2.0
Fighting       | |  1.0
Dodging        | |  2.0
Unarmed Combat | |  3.5
Spellcasting   | |  2.0
Transmutations | |  2.7

Action                   || total
-------------------------++-------
Melee: Unarmed           ||    56
       Constrict         ||    19
       Kick              ||     6
       Tentacles         ||     7
       Punch             ||     2
 Cast: Beastly Appendage ||     7
  Use: Scroll            ||     2
 Stab: Sleeping          ||     6
  Eat: Chunk             ||     1
Armor: Skin              ||     6
Dodge: Dodged            ||    36
